 Dungeon Crawl Stone Soup version 0.17-a0-1572-g7a1422d (webtiles) character file.

16179 karlkraus the Blocker (level 12, -14/107 HPs)
             Began as a Minotaur Fighter on July 25, 2015.
             Killed from afar by an elephant (40 damage)
             ... with an exploding inner flame
             ... hexed by the player character
             ... on level 3 of the Lair of Beasts.
             The game lasted 01:03:29 (10212 turns).

karlkraus the Blocker (Minotaur Fighter)           Turns: 10212, Time: 01:03:29

Health: -14/107    AC: 23    Str: 26    XL:     12   Next: 7%
Magic:  11/11      EV: 16    Int:  5    God:
Gold:   750        SH: 14    Dex: 17    Spells: 0 memorised, 11 levels left

rFire  x . .     SeeInvis .     j - +5 mace
rCold  + . .     Clarity  .     b - +1 plate armour
rNeg   . . .     SustAt   .     L - +0 shield
rPois  .         Gourm    .     J - +2 hat
rElec  .         Spirit   .     P - +2 cloak
rCorr  .         Warding  .     y - +0 pair of gloves
rMut   .         Stasis   +     (no boots)
MR     .....                    t - amulet of stasis
Stlth  ..........               N - ring of ice
                                l - +1 ring of evasion

@: agile, not resistant to hostile enchantments, extremely unstealthy
A: retaliatory headbutt, horns 2, talons 1, thin skeletal structure 1,
teleportitis 1
a: no special abilities


You were on level 3 of the Lair of Beasts.
You were near starving.

You visited 2 branches of the dungeon, and saw 11 of its levels.
You also visited: Ossuary.

You collected 864 gold pieces.
You spent 114 gold pieces at shops.

Inventory:

Hand weapons
 j - a +5 mace (weapon)
 k - a +1 mace of protection
 p - a +0 blowgun
Missiles
 d - 46 poisoned needles
Armour
 b - a +1 plate armour (worn)
 y - a +0 pair of gloves (worn)
 A - a +2 cloak
 J - a +2 hat (worn)
 L - a +0 shield (worn)
 P - a +2 cloak (worn)
Jewellery
 i - an uncursed ring of protection from magic {unknown}
 l - a +1 ring of evasion (left hand)
 t - an amulet of stasis (around neck)
 v - an uncursed amulet of resist mutation
 N - a ring of ice (right hand)
 U - a +2 ring of dexterity {unknown}
Magical devices
 a - a wand of draining (5)
 w - a wand of confusion (16)
 B - a wand of enslavement (17)
 O - a wand of frost (24)
 W - a wand of teleportation (3)
Scrolls
 g - a scroll of blinking {unknown}
 s - 5 scrolls of remove curse
 C - a scroll of noise
 G - a scroll of teleportation
 H - 2 scrolls of fog
 M - 2 scrolls of amnesia
 Y - a scroll of magic mapping
Potions
 h - 2 potions of flight
 n - a potion of haste
 q - 2 potions of curing
 r - 3 potions of brilliance {unknown}
 u - a potion of cure mutation {unknown}
 x - a potion of mutation {unknown}
 D - a potion of lignification {unknown}
 E - a potion of poison {unknown}
 I - a potion of ambrosia
 S - a potion of magic
 T - a potion of resistance
Books
 f - a book of Unlife

   Spells                             Type                      Level
   a - Recall                         Summoning/Translocation      3
   b - Animate Dead                   Necromancy                   4
   c - Control Undead                 Necromancy                   4
   d - Cigotuvi's Embrace             Necromancy                   5
   e - Death Channel                  Necromancy                   6
   f - Simulacrum                     Ice/Necromancy               6
 R - a book of Envenomations

   Spells                             Type                      Level
   a - Spider Form                    Transmutation/Poison         3
   b - Alistair's Intoxication        Transmutation/Poison         4
   c - Olgreb's Toxic Radiance        Poison                       4
   d - Poisonous Cloud                Conjuration/Poison/Air       6
 V - a book of the Earth

   Spells                             Type                      Level
   a - Leda's Liquefaction            Hexes/Earth                  4
   b - Bolt of Magma                  Conjuration/Fire/Earth       5
   c - Statue Form                    Transmutation/Earth          6
   d - Iron Shot                      Conjuration/Earth            6
   e - Shatter                        Earth                        9
Comestibles
 e - 8 bread rations
 o - 4 meat rations
 z - a royal jelly
 F - 4 beef jerkies
 K - 5 fruits
 Q - 8 slices of pizza


   Skills:
 + Level 10.4 Fighting
 + Level 11.5 Maces & Flails
 + Level 0.2 Throwing
 + Level 11.0 Armour
 + Level 5.5 Dodging
 + Level 1.6 Stealth
 + Level 13.5 Shields


You had 11 spell levels left.
You didn't know any spells.

Dungeon Overview and Level Annotations

Branches:
Dungeon (8/15)             Temple (0/1) D:7            Lair (3/8) D:8
  Swamp: Lair:3-6    Shoals: Lair:3-6     Snake: Lair:3-6    Spider: Lair:3-6

Altars:
Kikubaaqudgha
Makhleb
Okawaru
The Shining One

Shops:
D:4 =[?}


Innate Abilities, Weirdness & Mutations

You reflexively headbutt those who attack you in melee.
You have a pair of horns on your head.
You have sharp toenails.
You have a somewhat thin skeletal structure (Dex +2, Stealth).
You are occasionally teleported to nearby monsters.


Message History

The fiery explosion engulfs you! The fire burns you terribly!
The fiery explosion engulfs the sheep.
The sheep explodes!
The fiery explosion engulfs the elephant.
The elephant is heavily wounded.
The fiery explosion engulfs the elephant.
The elephant is heavily wounded.
You are engulfed in roaring flames.
You block the elephant's attack. You block the elephant's attack.
The elephant is engulfed in roaring flames.
Unknown command.
You hit the elephant.
You claw the elephant, but do no damage.
The elephant is lightly wounded.
You are engulfed in roaring flames.
* * * LOW HITPOINT WARNING * * *
The elephant is engulfed in roaring flames.
The elephant explodes!
The fiery explosion engulfs you! The fire burns you terribly!
You die...

...#......P##.#
...P#....####
..........#
#......##.###
##..#..#....#
#........§###
#......P##§P#
#......##§§## .
......#Y.##@#
.. .#...#.YY##


Y.Y ##PY§§Y## P.. ###.#..# .##.. #..##### ......##..# ....Y..†##.# .Y.YY.....##
..#..#YP#..P# You could see 3 elephants and a sheep.

Vanquished Creatures
  Fannar (Lair:1)
  2 hydras (Lair:2)
  Erica (Lair:1)
  The ghost of herpmino the Carver, an experienced FoFi of Gozag (D:6)
  2 elephants (Lair:3)
  Joseph (D:8)
  Psyche (D:8)
  5 spiny frogs
  A komodo dragon (Lair:1)
  Grinder (D:4)
  Prince Ribbit (D:7)
  13 yaks
  A human (D:7)
  A hungry ghost (D:7)
  6 wolves (Lair:1)
  3 hippogriffs
  2 wargs (D:8)
  3 ice beasts
  3 water moccasins
  2 orc warriors (D:8)
  5 porcupines
  An eye of draining (D:8)
  4 phantoms
  3 crocodiles
  3 ogres
  2 sky beasts
  3 centaurs
  A big kobold (D:8)
  An elf zombie (Ossuary)
  7 giant frogs
  3 scorpions
  11 killer bees (D:7)
  The ghost of mrath the Chopper, a weakling HOAK of Lugonu (D:3)
  12 wights
  3 crimson imps
  4 hounds
  2 human zombies (Ossuary)
  2 jellies
  6 orc priests
  7 orc wizards
  4 iguanas
  7 worker ants
  3 big kobold zombies (Ossuary)
  6 sheep
  A hound skeleton (D:5)
  A hound zombie (D:6)
  2 mummies (Ossuary)
  A worker ant zombie (D:6)
  7 gnolls
  35 river rats
  14 adders
  3 oozes
  A shadow imp (D:5)
  A worm (D:3)
  6 giant geckos
  20 orcs
  A bat skeleton (D:4)
  5 giant cockroaches
  15 goblins
  17 hobgoblins
  3 jackals
  18 kobolds
  4 quokkas
  A ball python skeleton (D:4)
  22 bats
  2 giant gecko skeletons (D:4)
  7 giant newts
  A gnoll zombie (Ossuary)
  4 goblin zombies (Ossuary)
  2 hobgoblin zombies (Ossuary)
  An orc zombie (Ossuary)
  10 rats
  A bush (D:1)
  A plant (D:1)
359 creatures vanquished.

Vanquished Creatures (others)
  An orc wizard (D:6)
  3 fungi
  9 plants
13 creatures vanquished.

Grand Total: 372 creatures vanquished

Notes
Turn   | Place    | Note
--------------------------------------------------------------
     0 | D:1      | karlkraus the Minotaur Fighter began the quest for the Orb.
     0 | D:1      | Reached XP level 1. HP: 19/19 MP: 0/0
    88 | D:1      | Reached skill level 4 in Shields
   212 | D:1      | Reached XP level 2. HP: 27/27 MP: 1/1
  1013 | D:2      | Reached XP level 3. HP: 33/33 MP: 2/2
  1334 | D:2      | Reached XP level 4. HP: 26/40 MP: 3/3
  1622 | D:3      | Reached skill level 1 in Dodging
  1664 | D:3      | Noticed mrath's ghost (weakling HOAK)
  1670 | D:3      | Killed mrath's ghost
  1670 | D:3      | Reached XP level 5. HP: 43/47 MP: 4/4
  1711 | D:3      | Reached skill level 5 in Shields
  2281 | D:4      | Reached skill level 5 in Armour
  2285 | D:4      | Reached XP level 6. HP: 53/53 MP: 5/5
  2294 | D:4      | Found Dydaula's Gadget Shoppe.
  2339 | D:4      | Found a glowing golden altar of the Shining One.
  2345 | D:4      | Noticed Grinder
  2357 | D:4      | Paralysed by Grinder for 6 turns
  2371 | D:4      | Paralysed by Grinder for 3 turns
  2375 | D:4      | Killed Grinder
  2375 | D:4      | Reached skill level 1 in Stealth
  2424 | D:4      | Found Houvvus's Magic Scroll Boutique.
  2434 | D:4      | Bought a scroll of noise for 13 gold pieces
  2434 | D:4      | Bought a scroll of identify for 26 gold pieces
  2434 | D:4      | Bought a scroll of amnesia for 45 gold pieces
  2558 | D:4      | Found Malyjug's Antique Armour Boutique.
  2563 | D:4      | Reached XP level 7. HP: 60/60 MP: 6/6
  2614 | D:4      | Reached skill level 6 in Shields
  2622 | D:4      | Reached skill level 5 in Fighting
  2622 | D:4      | Reached skill level 5 in Maces & Flails
  2739 | D:4      | Noticed a centaur
  2739 | D:4      | Found Voti's Jewellery Boutique.
  2745 | D:4      | Killed a centaur
  2749 | D:4      | Bought a +1 ring of evasion for 30 gold pieces
  3176 | D:5      | Entered Level 5 of the Dungeon
  3387 | D:5      | Reached XP level 8. HP: 67/70 MP: 7/7
  3391 | D:5      | Gained mutation: You have supernaturally acute eyesight. [mutagenic meat]
  3392 | D:5      | Gained mutation: You have a somewhat thin skeletal structure (Dex +2, Stealth). [mutagenic meat]
  3393 | D:5      | Lost mutation: You have supernaturally acute eyesight. [mutagenic meat]
  3394 | D:5      | Gained mutation: You are occasionally teleported to nearby monsters. [mutagenic meat]
  3395 | D:5      | Gained mutation: You are clumsy. (Dex -2) [mutagenic meat]
  3602 | D:5      | Reached skill level 7 in Shields
  4651 | D:6      | Reached skill level 8 in Shields
  4721 | D:6      | Reached XP level 9. HP: 60/78 MP: 8/8
  4925 | D:6      | Noticed herpmino's ghost (experienced FoFi)
  4984 | D:6      | Killed herpmino's ghost
  4984 | D:6      | Reached skill level 9 in Shields
  5625 | D:7      | Found a burning altar of Makhleb.
  5707 | D:7      | Reached skill level 10 in Shields
  5777 | D:7      | Found a staircase to the Ecumenical Temple.
  5872 | D:7      | Reached XP level 10. HP: 45/88 MP: 9/9
  6068 | D:7      | Noticed Prince Ribbit
  6077 | D:7      | Killed Prince Ribbit
  6081 | D:7      | Found an ancient bone altar of Kikubaaqudgha.
  6614 | D:8      | Reached skill level 5 in Dodging
  6719 | D:8      | Found a sand-covered staircase.
  6728 | Ossuary  | Entered an ossuary
  6965 | D:8      | Noticed Psyche
  6988 | D:8      | Noticed Joseph
  6990 | D:8      | Killed Psyche
  6999 | D:8      | Reached skill level 11 in Shields
  7027 | D:8      | Killed Joseph
  7359 | D:8      | Found a staircase to the Lair.
  7387 | D:8      | Found an iron altar of Okawaru.
  7489 | D:8      | Lost mutation: You are clumsy. (Dex -2) [mutagenic meat]
  7491 | D:8      | Gained mutation: You have sharp toenails. [mutagenic meat]
  7817 | Lair:1   | Entered Level 1 of the Lair of Beasts
  7916 | Lair:1   | Noticed Erica
  7926 | Lair:1   | Killed Erica
  7926 | Lair:1   | Reached skill level 10 in Maces & Flails
  7926 | Lair:1   | Reached XP level 11. HP: 73/97 MP: 10/10
  7958 | Lair:1   | Reached skill level 12 in Shields
  8297 | Lair:1   | Noticed Fannar
  8377 | Lair:1   | Killed Fannar
  9100 | Lair:1   | Reached skill level 10 in Armour
  9105 | Lair:1   | Reached skill level 13 in Shields
  9378 | Lair:2   | Noticed a six-headed hydra
  9696 | Lair:2   | Noticed a six-headed hydra
  9705 | Lair:2   | Killed a six-headed hydra
  9705 | Lair:2   | Reached skill level 10 in Fighting
  9799 | Lair:2   | Killed a six-headed hydra
 10033 | Lair:3   | Reached XP level 12. HP: 90/106 MP: 11/11
 10212 | Lair:3   | Killed from afar by an elephant

Vault maps used:
D:1:      minmay_arrival_semitransparent, serial_forest,
          infiniplex_forest_clump_small, infiniplex_forest_lined_room_3,
          infiniplex_forest_end_3, infiniplex_forest_lined_corner,
          infiniplex_forest_clump_curved, infiniplex_forest_lined_2,
          infiniplex_forest_lined_room_
D:3:      hangedman_decor_push, minmay_goblin_outpost
D:4:      forest_paths, first_bread, serial_shops, nicolae_shop_stone,
          shop_scrolls, shop, kennysheep_little_box,
          nicolae_tso_swordbearing_angel, uniq_grinder
D:5:      roderic_lattice_a
D:6:      kennysheep_nondescript
D:7:      wad_woods_stonehenge, lemuel_crystal_altar, minmay_temple_entry_trees,
          grunt_livestock, uniq_prince_ribbit1
D:8:      erik_lair_orcish_takeover, enter_ossuary_3, basic_altar, uniq_joseph,
          uniq_psyche
Lair:1:   lemuel_fruit_tree, serial_bayou_shore_b, uniq_erica, uniq_fannar
Lair:2:   grunt_megastairs_2, serial_bayou_shore_a
Lair:3:   basic_altar, infiniplex_staircase_pool
Ossuary:  minmay_ossuary_gauntlet

Action                   |  1- 3 |  4- 6 |  7- 9 | 10-12 || total
-------------------------+-------+-------+-------+-------++-------
Melee: Flail             |   136 |       |       |       ||   136
       Mace              |    44 |   132 |   452 |   669 ||  1297
 Fire: Blowgun           |       |       |       |     3 ||     3
Evoke: Wand              |       |       |       |     1 ||     1
  Use: Scroll            |       |     3 |    10 |    15 ||    28
       Potion            |       |     1 |     2 |     4 ||     7
 Stab: Invisible         |       |       |     1 |       ||     1
  Eat: Chunk             |     2 |     3 |    17 |     9 ||    31
       Pizza             |       |       |     1 |       ||     1
       Bread ration      |       |       |     1 |       ||     1
       Meat ration       |       |       |       |     1 ||     1
